Sylph, neutral male human Monk --- --.-- ..- --...| ..... --.-..| ....... --......| ....)... 1 |......)--- .---# |...-- . ..%...--...-- .... ---.^| .. .....[--....--- -%--------....--).. .........%.%.---..................@@.. .........[..................---..... ...........---.....-------- --... ..%..| |.....| --. -..---....-- --.....%.....| |........--.. |-.....--- . |....--- --.*-- |..| ---- Sylph the Initiate Experience level: 9 Strength: 18 Dexterity: 15 Constitution: 14 Intelligence: 7 Wisdom: 14 Charisma: 11 Health: 0(55) Energy: 41(45) AC: 4 Gold: 1376 Moves: 7132 Your Inventory: Coins $ - 1376 gold pieces Amulets P - an uncursed amulet of reflection (being worn) Weapons g - an [uncursed +0] bow Z - 14 [uncursed +0] arrows Armor a - an uncursed rotted +2 pair of leather gloves (being worn) b - an uncursed burnt +1 robe (being worn) j - an [uncursed] very rusty +2 orcish helm (being worn) u - a [cursed -1] pair of mud boots [fumble] Comestibles f - 2 uncursed food rations y - 5 [uncursed] tripe rations B - an [uncursed] lizard corpse X - an [uncursed] apple Scrolls d - an uncursed scroll of create monster k - an uncursed scroll of earth m - 2 cursed scrolls of teleportation s - 3 [uncursed] unlabeled scrolls [of blank paper] D - an [uncursed] scroll labeled VELOX NEB [of food detection] E - a [cursed] scroll labeled ABRA KA DABRA [of magic mapping] H - a [cursed] scroll labeled GHOTI [of enchant armor] J - a [blessed] scroll labeled SODALG [of charging] R - an [uncursed] scroll of teleportation T - an [uncursed] scroll of confuse monster U - an [uncursed] scroll of stinking cloud Spellbooks c - a blessed spellbook of sleep i - an uncursed spellbook of extra healing o - an uncursed spellbook of remove curse r - an [uncursed] thick spellbook [of identify] x - an [uncursed] charcoal spellbook [of invisibility] S - an [uncursed] chartreuse spellbook [of slow monster] V - an [uncursed] spotted spellbook [of cure blindness] Potions e - an uncursed potion of healing h - an [uncursed] puce potion [of extra healing] z - a [cursed] icy potion [of levitation] F - an [uncursed] indigo potion [of see invisible] I - a [cursed] ochre potion [of gain ability] W - 2 [uncursed] sky blue potions [of restore ability] Rings t - an [uncursed -1] wooden ring [of increase damage] Q - an [uncursed] plain ring [of fire resistance] Y - an [uncursed] citrine ring [of regeneration] Wands w - an [uncursed] spiked wand [of probing (0:8)] L - an [uncursed] octagonal wand [of make invisible (0:7)] O - an [uncursed] wand of digging [0:4] Tools l - an [uncursed +0] pick-axe v - an [uncursed] brass lantern (lit) A - an [uncursed wax] candle C - an [uncursed] leash N - an [uncursed] looking glass [mirror] Gems n - an [uncursed] green gem [aquamarine] p - 2 [uncursed] blue gems [worthless glass] q - an [uncursed] white gem [worthless glass] K - an [uncursed] green gem [worthless glass] M - an [uncursed] black gem [worthless glass] Spells known in the end: Name Level Category Fail Memory a - sleep 1 enchantment 0% [||||||..] b - remove curse 3 clerical 84% [||||||||] c - extra healing 3 healing 0% [||||||||] Your skills at the end: Fighting Skills martial arts [Skilled / Grand Master] Weapon Skills Spellcasting Skills healing spells [Basic / Expert] Final Attributes: You were piously aligned. Hunger level was 210. Your alignment was 45 / 45. Monster difficulty range was 1 - 10. Level difficulty was 11. You were immune to sleep. You were immune to poison. You saw invisible. You were warned. You had automatic searching. You were stealthy. You were fast. You had reflection. Your luck was zero. You are dead. Vanquished creatures: a ghost a wumpus a warhorse a sasquatch a freezing sphere a flaming sphere an energy vortex an elf mummy a human mummy a red naga a wraith a chameleon a wolf a leprechaun an orc-captain a giant spider a horse a gnome king a brown pudding an owlbear a gold golem a lizard a dwarf lord a gnome mummy 3 soldier ants 3 bugbears a wood nymph 4 Mordor orcs 2 enormous rats 2 rock moles 3 yellow lights 6 gnome lords 2 gray oozes a barrow wight a ghoul a straw golem a paper golem a wax golem 3 giant ants 5 floating eyes a kitten 8 dwarves 2 homunculi a kobold shaman 5 hill orcs 2 rothes a rabid rat a giant bat 2 orc zombies 2 iguanas 3 killer bees 2 coyotes 4 hobbits 10 manes 4 hobgoblins 5 giant rats a cave spider 2 brown molds a yellow mold a green mold 32 gnomes a gnome zombie 2 geckos 8 jackals 3 kobolds 4 goblins 3 sewer rats 2 grid bugs 5 lichens 3 kobold zombies 4 newts 188 creatures vanquished. Voluntary challenges: You were vegetarian. You never hit with a wielded weapon. You read items or engraved 100 times. You put on armor 4 times. You never genocided any monsters. You never polymorphed an object. You never changed form. You used no wishes. You wrote Elbereth's name 63 times. You encountered 2 bones levels. You never used any Sokoban shortcuts. Dungeon overview: The Dungeons of Doom: levels 1 to 10 Level 1 a fountain a long staircase Level 2 a general store, a fountain Level 4 a scroll shop, a sink stairs to The Gnomish Mines Level 5 a throne Level 6 a sink Level 9 many fountains Level 10 a long staircase The Gnomish Mines: levels 5 to 11 Level 5 stairs to The Dungeons of Doom Level 11 <- You were here History has recorded: On T:1 you entered the Dungeons of Doom to retrieve the Amulet of Yendor! On T:149 you reached level 2 of The Dungeons of Doom. On T:228 you advanced to experience level 2. On T:590 you advanced to experience level 3. On T:1210 you advanced to experience level 4. On T:1234 you reached level 3 of The Dungeons of Doom. On T:1428 you reached level 4 of The Dungeons of Doom. On T:1626 you advanced to experience level 5. On T:1731 you reached level 1 of The Gnomish Mines. On T:1772 you reached level 5 of The Dungeons of Doom. On T:1987 you reached level 6 of The Dungeons of Doom. On T:2200 you advanced to experience level 6. On T:2544 you reached level 7 of The Dungeons of Doom. On T:2673 you advanced to experience level 7. On T:3869 you reached level 8 of The Dungeons of Doom. On T:4082 you advanced to experience level 8. On T:4435 you reached level 9 of The Dungeons of Doom. On T:5188 you reached level 10 of The Dungeons of Doom. On T:5314 you advanced to experience level 9. On T:6499 you reached level 2 of The Gnomish Mines. On T:6737 you reached level 3 of The Gnomish Mines. On T:6748 you reached level 4 of The Gnomish Mines. On T:6754 you reached level 5 of The Gnomish Mines. On T:6800 you reached level 7 of The Gnomish Mines. Latest messages: You are caught in a bear trap. [2 turns] You are caught in a bear trap. You escape the bear trap. You are almost hit by a runed arrow. (2x) [2 turns] (2x) It is missed. You are almost hit by a runed arrow. It is hit. The Grey-elf picks up a runed arrow. The Grey-elf staggers from your powerful strike! The Grey-elf swings her runed broadsword. The Grey-elf hits! The Grey-elf swings her runed broadsword. The Grey-elf hits! You are hit by a runed arrow! [HP-30=25] [2 turns] You hit the Grey-elf! The Grey-elf swings her runed broadsword. The Grey-elf hits! You are hit by a runed arrow! (2x) You die... Final status: Punardarsanaya Sylph the Monk... You died in The Gnomish Mines on dungeon level 11 with 5907 points, and 1376 pieces of gold, after 7132 moves. You were level 9 with a maximum of 55 hit points when you died.